 Dungeon Crawl Stone Soup version 0.30-a0-743-gbfdf073431 (webtiles) character file.

Game seed: 8396968319103649320

249374 cforsyth the Acrobat (level 19, -16/132 HPs)
             Began as a Tengu Summoner on Feb 5, 2023.
             Was an Initiate of Gozag.
             Killed by a resonance strike
             ... invoked by Zenata
              (35 damage)
             ... on level 2 of the Elven Halls on Feb 6, 2023.
             The game lasted 02:37:16 (65876 turns).

cforsyth the Acrobat (Tengu Summoner)              Turns: 65876, Time: 02:37:17

Health: -16/132    AC: 11    Str: 11      XL:     19   Next: 59%
Magic:  5/39       EV: 32    Int: 26 (27) God:    Gozag
Gold:   691        SH:  0    Dex: 13      Spells: 20/48 levels left

rFire   + + +      SeeInvis .    n - +6 hand axe "Gats" {flame, rF+++ rN+ Dex-4}
rCold   + + .      Faith    .    (no shield)
rNeg    + . .      Spirit   .    E - +2 robe {Archmagi}
rPois   +          Reflect  .    c - +0 hat
rElec   +          Harm     .    D - +1 cloak "Qopror" {rPois Dex+2}
rCorr   .          Rampage  .    y - +4 pair of gloves of the Boiling Point {rC++ Will+}
Will    ++...      Archmagi +    (boots unavailable)
Stlth   ++                       M - amulet of magic regeneration
HPRegen 0.42/turn                j - +6 ring of intelligence
MPRegen 0.66/turn                F - ring "Odeoploi" {rElec EV+5}

@: flying quickly and evasively, studying Air Magic, quick
A: beak, talons 3, nimble flight
}: 2/15 runes: decaying, serpentine
a: Renounce Religion, Potion Petition, Call Merchant, Bribe Branch


You were on level 2 of the Elven Halls.
You worshipped Gozag.
Gozag was pleased with you.
You visited 7 branches of the dungeon, and saw 33 of its levels.
You also visited: Ossuary and Bailey.

You collected 15342 gold pieces.
You spent 3373 gold pieces at shops.
You paid 11278 gold pieces to Gozag.

Inventory:

Hand Weapons
 n - the +6 hand axe "Gats" (weapon) {flame, rF+++ rN+ Dex-4}
   (You found it on level 13 of the Dungeon)

   Dex:       It affects your dexterity (-4).
   rF:        It renders you almost immune to fire.
   rN:        It protects you from negative energy.
Missiles
 W - a throwing net
Armour
 c - a +0 hat (worn)
 s - a +2 robe of resistance
 y - the +4 pair of gloves of the Boiling Point (worn) {rC++ Will+}
   (You acquired it on level 8 of the Dungeon)

   rC:        It greatly protects you from cold.
   Will:      It increases your willpower.
 D - the +1 cloak "Qopror" (worn) {rPois Dex+2}
   (You bought it in a shop on level 1 of the Lair of Beasts)

   Dex:       It affects your dexterity (+2).
   rPois:     It protects you from poison.
 E - a +2 robe of the Archmagi (worn)
 K - a +1 cloak of willpower
Jewellery
 j - a +6 ring of intelligence (left hand)
 l - a ring of see invisible
 r - a ring of magical power
 F - the ring "Odeoploi" (right hand) {rElec EV+5}
   (You took it off an orc on level 6 of the Dungeon)

   [ring of evasion]

   EV:        It affects your evasion (+5).
   rElec:     It insulates you from electricity.
 L - a ring of positive energy
 M - an amulet of magic regeneration (around neck)
 T - a ring of resist corrosion
 U - the ring of Nubugiri {rPois Dex+3 Slay+4}
   (You found it on level 2 of the Lair of Beasts)

   [ring of slaying]

   Dex:       It affects your dexterity (+3).
   Slay:      It affects your accuracy & damage with ranged weapons and melee
   (+4).
   rPois:     It protects you from poison.
Wands
 x - a wand of digging (5)
 B - a wand of acid (29)
 C - a wand of flame (69)
 O - a wand of iceblast (22)
 P - a wand of mindburst (21)
Scrolls
 b - 4 scrolls of blinking
 e - 5 scrolls of magic mapping
 f - a scroll of brand weapon
 g - 7 scrolls of enchant armour
 m - 6 scrolls of amnesia
 t - 3 scrolls of fear
 w - 12 scrolls of immolation
 A - 5 scrolls of enchant weapon
 H - 3 scrolls of fog
 J - 2 scrolls of silence
 N - 8 scrolls of identify
 Q - 8 scrolls of teleportation
 R - a scroll of vulnerability
 S - 2 scrolls of summoning
 V - 2 scrolls of poison
 Y - 2 scrolls of torment
Potions
 a - 3 potions of haste
 d - 10 potions of degeneration
 h - 12 potions of curing
 i - 2 potions of heal wounds
 k - 6 potions of attraction
 o - 3 potions of mutation
 p - 5 potions of brilliance
 q - 2 potions of berserk rage
 u - 7 potions of lignification
 v - 3 potions of resistance
 z - a potion of invisibility
 G - a potion of cancellation
 I - 6 potions of might
 X - 9 potions of ambrosia
 Z - a potion of magic


   Skills:
 * Level 18.8 Fighting
 * Level 22.1 Dodging
 - Level 2.0 Stealth
 * Level 0.0 Shields
 - Level 15.0 Spellcasting
 - Level 20.0 Summonings
 - Level 5.0 Air Magic


You had 20 spell levels left.
You knew the following spells:

 Your Spells              Type           Power      Damage    Failure   Level
a - Summon Small Mammal   Summ           100%       N/A       0%          1
b - Call Imp              Summ           100%       N/A       0%          2
c - Call Canine Familiar  Summ           100%       N/A       0%          3
d - Summon Guardian Gole  Hex/Summ       82%        N/A       1%          3
e - Summon Lightning Spi  Summ/Air       91%        N/A       1%          4
i - Summon Hydra          Summ           55%        N/A       1%          7
j - Summon Horrible Thin  Summ           55%        N/A       4%          8

Your spell library contained the following spells:

 Spells                   Type           Power      Damage    Failure   Level
 Shock                    Conj/Air       100%       1d9       1%          1
 Poisonous Vapours        Pois/Air       96%        N/A       1%          2
 Static Discharge         Conj/Air       96%        2-6/arc   1%          2
 Swiftness                Air            62%        N/A       1%          3
 Animate Armour           Summ/Erth      100%       N/A       1%          4
 Summon Ice Beast         Ice/Summ       82%        N/A       1%          4
 Beastly Appendage        Tmut           58%        N/A       2%          1
 Kiss of Death            Conj/Necr      100%       2d13      2%          1
 Magic Dart               Conj           100%       1d8       2%          1
 Necrotise                Necr           100%       1d9       2%          1
 Sandblast                Erth           58%        2d13      2%          1
 Sting                    Tmut/Pois      100%       1d8       2%          1
 Cigotuvi's Dreadful Rot  Necr/Pois/Air  84%        N/A       2%          2
 Vhi's Electric Charge    Tloc/Air       96%        N/A       3%          3
 Airstrike                Air            31%        2d(5-21)  3%          4
 Ensorcelled Hibernation  Hex/Ice        58%        N/A       4%          2
 Passwall                 Tmut/Erth      24%        N/A       4%          2
 Sublimation of Blood     Necr           29%        N/A       4%          2
 Wereblood                Tmut           29%        N/A       4%          2
 Mephitic Cloud           Conj/Pois/Air  42%        N/A       4%          3
 Confusing Touch          Hex            29%        N/A       9%          3
 Dazzling Flash           Conj/Hex       58%        N/A       9%          3
 Gell's Gravitas          Tloc           29%        N/A       9%          3
 Ignite Poison            Fire/Tmut/Pois 29%        N/A       9%          3
 Ozocubu's Armour         Ice            29%        N/A       9%          3
 Portal Projectile        Hex/Tloc       58%        N/A       9%          3
 Spider Form              Tmut/Pois      29%        N/A       9%          3
 Stone Arrow              Conj/Erth      58%        3d10      9%          3
 Teleport Other           Tloc           29%        N/A       9%          3
 Tukima's Dance           Hex            29%        N/A       9%          3
 Vampiric Draining        Necr           29%        2d8       9%          3
 Dispel Undead            Necr           29%        3d13      26%         4
 Iskenderun's Mystic Bla  Conj/Tloc      29%        2d7       26%         4
 Olgreb's Toxic Radiance  Pois           29%        N/A       26%         4
 Passage of Golubria      Tloc           29%        N/A       26%         4
 Sticky Flame             Conj/Fire      29%        2d5       26%         4
 Arcjolt                  Conj/Air       24%        1d34      26%         5
 Lightning Bolt           Conj/Air       24%        1d39      26%         5
 Spellforged Servitor     Conj/Summ      41%        N/A       36%         7
 Agony                    Necr           29%        N/A       58%         5
 Blade Hands              Tmut           14%        N/A       58%         5
 Borgnjor's Vile Clutch   Necr/Erth      14%        N/A       58%         5
 Iskenderun's Battlesphe  Conj           29%        2d8       58%         5
 Metabolic Englaciation   Hex/Ice        14%        N/A       58%         5
 Yara's Violent Unravell  Hex/Tmut       14%        3d7       58%         5
 Conjure Ball Lightning   Conj/Air       24%        3x3d7     83%         6
 Death Channel            Necr           14%        N/A       99%         6
 Dispersal                Tloc           14%        N/A       99%         6
 Iron Shot                Conj/Erth      14%        9d4       99%         6
 Starburst                Conj/Fire      14%        6d6       99%         6
 Statue Form              Tmut/Erth      19%        N/A       99%         6
 Discord                  Hex            14%        N/A       100%        8
 Disjunction              Tloc           14%        N/A       100%        8
 Ignition                 Fire           14%        3d6       100%        8
 Animate Dead             Necr           Unusable   N/A       N/A         4
 Simulacrum               Ice/Necr       Unusable   N/A       N/A         6

Dungeon Overview and Level Annotations

Branches:
Dungeon (15/15)            Temple (1/1) D:6            Lair (5/5) D:9
  Swamp (4/4) Lair:2        Snake (4/4) Lair:2        Slime (0/5) Lair:4
    Orc (2/2) D:11            Elf (2/3) Orc:2        Vaults (0/5) D:14
 Depths (0/4) D:15        Ossuary (visited)          Bailey (visited)

Altars:
Ashenzari
Cheibriados
Dithmenos
Elyvilon
Fedhas
Gozag
Hepliaklqana
Makhleb
Nemelex Xobeh
Okawaru
Ru
Sif Muna
Trog
Uskayaw
Vehumet
Wu Jian
Yredelemnul
Zin
The Shining One

Shops:
D:6 *   Orc:2 [(**(![!!   Elf:1 ?**   Lair:1 :?*::=*:*

Annotations:
D:8 2 transporters, lotum's ghost, novice DjHW
Lair:2 2 transporters, jimonade's ghost, journeyman DjHW
Elf:2 Zenata


Innate Abilities, Weirdness & Mutations

You have a beak for a mouth.
You have claws for feet.
Your magical nature lets you fly swiftly and evasively.


Message History

The +2 trident of protection misses you.
Casting: Summon Hydra (dangerous; 1% risk of failure)
Confirm with . or Enter, or press ? or * to list all spells.
You feel a surge of power! The +2 trident of freezing hits you.
The +2 trident of protection misses you.
Your eight-headed hydra bites Zenata but does no damage.
Your eight-headed hydra bites Zenata.
Your eight-headed hydra bites Zenata but does no damage. x2
Your eight-headed hydra bites Zenata.
Your eight-headed hydra bites Zenata but does no damage.
Your eight-headed hydra closely misses Zenata.
Your eight-headed hydra bites Zenata but does no damage.
Zenata casts a spell at your eight-headed hydra.
A blast of power from the earth strikes your eight-headed hydra!
Your eight-headed hydra dies!
Your eight-headed hydra's corpse disappears in a puff of smoke!
The +2 trident of freezing completely misses you.
The +2 trident of protection barely misses you.
You swap places.
The +2 trident of freezing hits you! The +2 trident of freezing freezes you.
The +2 trident of protection hits you but does no damage.
The +2 trident of freezing completely misses you.
The +2 trident of protection completely misses you.
Your large abomination hits the +2 trident of protection.
Your large abomination hits the +2 trident of protection!
Your large abomination misses the +2 trident of freezing.
You hit Zenata. You burn Zenata.
Zenata is severely wounded.
You miss the +2 trident of protection.
You hit the +2 trident of freezing but do no damage.
The +2 trident of freezing misses you. The +2 trident of protection hits you!
* * * LOW HITPOINT WARNING * * *
The +2 trident of freezing completely misses you.
The +2 trident of protection hits you!
* * * LOW HITPOINT WARNING * * *
Your large abomination hits the +2 trident of freezing!!
Zenata casts a spell at you.
A blast of power from the earth and the adjacent constructs strikes you!
You die...
Your body crumbles into a pile of gold.

#.......'#≈≈≈≈≈≈)~~ ..
#.......'..)))).)..
...###......['#≈≈≈≈≈≈.~~
...#...#.....######≈≈≈.~#
...#.....#....# ####.~#
...#.......#...# #.~#
...#......XX.#..# #.##
.^#........(X.#.# #~# ..
#........a@XX.## ###
..##..........(..##
.#a.#...........#.#
#....#.........#..#
......#.......#...#
.......#.....#....#
........#...#.....#
.........###......#
########## ########


You could see Zenata, 2 dancing weapons and 5 friendly large abominations.

Vanquished Creatures
  Jorgrun (Orc:2)
  A nagaraja (Snake:4)
  A hydra (D:14)
  3 centaur warriors
  An alligator (Swamp:4)
  An orc high priest (Orc:2)
  A shock serpent (Snake:3)
  3 deep elf knights
  A spriggan druid (Swamp:3)
  A swamp dragon (Swamp:4)
  A deep elf zephyrmancer (Elf:2)
  6 deep elf pyromancers
  2 wizards (D:15)
  An orc sorcerer (Orc:2)
  An elephant (Lair:4)
  A moth of wrath (shapeshifter) (D:15)
  A naga mage (Snake:4)
  Maurice (D:8)
  3 black mambas
  A spriggan zombie (Swamp:1)
  2 yaktaurs
  A rime drake (Lair:4)
  2 trolls
  A meliai (Lair:4)
  A hornet (Swamp:1)
  A tyrant leech (Swamp:2)
  A centaur simulacrum (D:13)
  2 nameless horrors
  2 yaks (Lair:2)
  3 vampire mosquitoes
  2 swamp worms (Swamp:1)
  A water moccasin (Lair:2)
  A floating eye (shapeshifter) (D:13)
  An orc warrior (Orc:1)
  A swamp drake (Swamp:1)
  A boggart (D:13)
  5 centaurs
  A bullfrog (D:6)
  A scorpion (shapeshifter) (Elf:2)
  4 killer bees
  3 electric eels
  2 hounds
  A jelly (D:10)
  2 orc priests
  3 orc wizards
  An adder (D:5)
  An ufetubus (D:7)
  8 orcs
  2 giant cockroaches
  2 goblins (D:1)
  A hobgoblin (Bailey)
  2 jackals (D:1)
  A quokka (D:4)
  2 kobolds
97 creatures vanquished.

Vanquished Creatures (collateral kills)
  Bai Suzhen (Snake:4)
  Vashnia (Snake:4)
  Nikola (Elf:2)
  2 tentacled monstrosities (Swamp:4)
  A thorn hunter (Swamp:4)
  Frances (Swamp:2)
  Roxanne (Swamp:2)
  Donald (Snake:4)
  2 nagarajas (Snake:4)
  An orc warlord (Orc:2)
  The ghost of Emynorhu the Cleaver, a journeyman DsGl of Hepliaklqana (Snake:3)
  A war gargoyle (D:13)
  A hydra skeleton (Swamp:4)
  2 vampire knights (Swamp:4)
  A dire elephant (Lair:5)
  A deep elf demonologist (Elf:2)
  5 eleionomae
  A fire dragon (D:13)
  A deep elf death mage (Elf:2)
  3 shambling mangroves
  A yaktaur captain (D:13)
  3 catoblepae
  4 vault guards
  8 hydras
  2 salamander tyrants (Snake:4)
  2 ghost crabs
  4 boulder beetles
  5 anacondas
  6 centaur warriors
  14 dancing weapons
  6 alligators
  3 two-headed ogres
  A deep troll shaman (Lair:4)
  A death yak (Lair:5)
  2 orc high priests (Orc:2)
  3 shock serpents
  A tengu warrior (D:14)
  4 naga warriors
  12 naga sharpshooters
  12 deep elf knights
  10 spriggans
  5 goliath frogs
  3 naga ritualists
  A flayed ghost (Swamp:4)
  7 bog bodies
  6 spriggan druids
  A wizard (D:15)
  2 spectral hydras (Swamp:4)
  2 swamp dragons
  13 deep elf zephyrmancers
  2 necromancers
  24 deep elf pyromancers
  8 deep elf archers
  7 orc knights
  7 mana vipers
  7 salamanders
  3 orc sorcerers (Orc:2)
  4 oklob plants
  4 will-o-the-wisps
  8 ugly things
  4 cyclopes
  A shining eye (shapeshifter) (D:15)
  3 manticores
  A guardian serpent (Snake:4)
  22 black mambas
  16 elephants
  9 naga magi
  Maggie (D:6)
  13 cane toads
  A cane toad (shapeshifter) (D:13)
  3 gargoyles
  2 efreet
  3 rime drakes
  A torpor snail (Lair:1)
  2 freezing wraiths
  A yaktaur (D:13)
  2 kobold demonologists
  9 komodo dragons
  A komodo dragon (shapeshifter) (Elf:1)
  3 tengu conjurers
  A queen bee (Lair:4)
  2 hydra zombies (Swamp:4)
  A spriggan skeleton (Swamp:1)
  8 tyrant leeches
  7 trolls
  Prince Ribbit (D:8)
  3 meliai
  A meliai (shapeshifter) (D:14)
  A harpy skeleton (D:15)
  A death drake zombie (Swamp:4)
  15 hornets
  A death drake skeleton (Swamp:4)
  A spriggan zombie (Swamp:1)
  10 blink frogs (Lair:3)
  Grinder (D:5)
  7 slime creatures
  A spectral black mamba (Snake:3)
  A shock serpent simulacrum (Snake:3)
  A spriggan (shapeshifter) (D:15)
  An air elemental (Elf:1)
  A centaur simulacrum (D:15)
  A shadow (D:9)
  A vampire (D:10)
  3 fire elementals
  3 hogs (Swamp:2)
  4 basilisks
  A water elemental (Elf:2)
  33 yaks
  2 nameless horrors
  3 wraiths
  15 vampire mosquitoes
  2 steam dragons
  Grum (Lair:1)
  12 swamp worms
  17 nagas
  An acid dragon (shapeshifter) (D:13)
  4 hydra simulacra (Swamp:4)
  An acid dragon (D:14)
  4 spectral nagas (Snake:3)
  16 water moccasins
  9 swamp drakes (Swamp:4)
  4 black bears
  30 orc warriors
  An ice beast (D:6)
  A sky beast (D:6)
  A black mamba simulacrum (Snake:3)
  7 ogres
  5 boggarts (D:15)
  A phantom (D:6)
  12 wolves
  2 swamp dragon skeletons (Swamp:4)
  15 centaurs
  2 elf zombies (Ossuary)
  3 kobold brigands
  2 gnoll sergeants
  17 bullfrogs
  An earth elemental (Elf:1)
  3 necrophages
  4 scorpions
  5 wights (D:7)
  A hornet simulacrum (D:15)
  21 killer bees
  A naga simulacrum (Snake:3)
  10 electric eels
  6 howler monkeys
  A salamander simulacrum (Snake:3)
  5 centaur zombies (Ossuary)
  3 human zombies (Ossuary)
  6 jellies
  6 hounds
  14 orc priests
  Crazy Yiuf (D:6)
  An iguana (D:6)
  12 orc wizards
  A statue (D:15)
  2 boggart simulacra (D:15)
  3 mummies (Ossuary)
  Robin (D:3)
  23 gnolls
  8 adders
  A white imp (D:5)
  An ufetubus (D:4)
  A worm (D:5)
  2 dart slugs
  59 orcs
  26 endoplasms
  4 giant cockroaches
  20 goblins
  11 hobgoblins
  6 jackals
  29 kobolds
  2 quokkas
  6 ball pythons
  7 bats
  A frilled lizard (D:2)
  A spectral orc (D:10)
  4 briar patches (Swamp:4)
  4 butterflies
971 creatures vanquished.

Vanquished Creatures (others)
  A thorn hunter (Swamp:4)
  Kirke (Swamp:2)
  Snorg (D:10)
  A shambling mangrove (Swamp:3)
  2 hydras
  Fannar (D:10)
  A ghost crab (Swamp:3)
  A centaur warrior (D:11)
  A two-headed ogre (D:11)
  2 anacondas
  A boulder beetle (D:13)
  2 death yaks (Lair:5)
  2 naga warriors
  A tengu warrior (D:13)
  3 naga sharpshooters
  A spriggan berserker (Swamp:4)
  An orc high priest (Bailey)
  A shock serpent (Snake:1)
  4 deep elf knights
  A skeletal warrior (D:13)
  A spectral anaconda (Snake:3)
  A swamp dragon (Swamp:4)
  2 orc knights (Orc:2)
  2 naga ritualists
  A spriggan druid (Swamp:4)
  A deep elf zephyrmancer (Elf:1)
  A deep elf archer (Elf:1)
  A deep elf pyromancer (D:10)
  A will-o-the-wisp (Swamp:3)
  A cyclops (D:15)
  7 elephants
  3 black mambas
  A naga mage (Snake:1)
  2 cane toads
  A komodo dragon (Lair:2)
  A troll (D:13)
  A polar bear (Lair:5)
  2 hornets
  2 bloated husks (Swamp:1)
  A tyrant leech (Swamp:1)
  A blink frog (Lair:3)
  Sigmund (D:3)
  A slime creature (D:12)
  An air elemental (Elf:2)
  A vampire (D:11)
  A human (Swamp:2)
  A water elemental (Elf:1)
  9 yaks
  4 vampire mosquitoes
  A steam dragon (D:10)
  10 nagas
  2 swamp worms
  2 water moccasins
  5 orc warriors
  A black bear (Lair:5)
  A swamp dragon zombie (Swamp:4)
  A black mamba simulacrum (Snake:3)
  3 ogres
  2 wolves (Lair:5)
  A kobold brigand (D:7)
  An elf zombie (Ossuary)
  3 wights (D:7)
  4 killer bees
  A howler monkey (D:8)
  A naga simulacrum (Snake:3)
  A human zombie (Ossuary)
  2 jellies (D:7)
  2 orc priests (Orc:2)
  A gnoll bouda (D:6)
  2 orc wizards (Orc:2)
  5 gnolls
  6 orcs
  2 goblins (Bailey)
  2 hobgoblins (Bailey)
  4 briar patches (Swamp:4)
  2 bushes
  28 foxfires
  12 fungi
  66 plants
256 creatures vanquished.

Grand Total: 1324 creatures vanquished

Notes
Turn   | Place    | Note
-------+----------+-------------------------------------------
     0 | D:1      | cforsyth the Tengu Summoner began the quest for the Orb.
     0 | D:1      | Reached XP level 1. HP: 10/10 MP: 4/4
   100 | D:1      | Reached skill level 5 in Summonings
   177 | D:1      | Reached XP level 2. HP: 15/15 MP: 6/6
   180 | D:1      | Learned a level 2 spell: Call Imp
   349 | D:1      | Found a faded altar of an unknown god.
   683 | D:1      | Reached XP level 3. HP: 9/19 MP: 2/7
   688 | D:1      | Learned a level 3 spell: Call Canine Familiar
  1991 | D:3      | Reached XP level 4. HP: 24/24 MP: 4/9
  1995 | D:3      | Learned a level 3 spell: Summon Guardian Golem
  2097 | D:3      | HP: 1/24 [gnoll/+0 spear (7)]
  2413 | D:3      | Noticed Robin
  2424 | D:3      | Killed Robin
  2424 | D:3      | Identified the +8 rapier of Ridaunt {heavy, Str+4 SInv}
  2425 | D:3      | Gained mutation: Your magical nature lets you fly swiftly
                  | and evasively. [Tengu growth]
  2425 | D:3      | Reached XP level 5. HP: 28/28 MP: 3/11
  2586 | D:3      | Noticed Sigmund
  2606 | D:3      | Killed Sigmund
  2607 | D:3      | Reached XP level 6. HP: 32/32 MP: 6/13
  2720 | D:3      | Found a hazy altar of Hepliaklqana.
  3262 | D:4      | Reached skill level 5 in Spellcasting
  3262 | D:4      | Reached XP level 7. HP: 29/36 MP: 9/15
  3323 | D:4      | Learned a level 4 spell: Summon Lightning Spire
  3367 | D:4      | Found a glowing silver altar of Zin.
  3418 | D:4      | Reached skill level 1 in Air Magic
  4162 | D:4      | Found a sacrificial altar of Ru.
  4234 | D:4      | Found a white marble altar of Elyvilon.
  4325 | D:5      | Entered Level 5 of the Dungeon
  4470 | D:5      | Reached XP level 8. HP: 41/41 MP: 13/17
  4983 | D:5      | Identified the +1 short sword "Sacvirchu" {heavy, rN+}
  5056 | D:5      | Noticed Grinder
  5097 | D:5      | Killed Grinder
  5273 | D:5      | Reached skill level 5 in Air Magic
  5356 | D:5      | Found a radiant altar of Vehumet.
  5481 | D:5      | Found a shimmering blue altar of Sif Muna.
  5963 | D:6      | Found a sand-covered staircase.
  5970 | Ossuary  | Entered an ossuary
  6040 | Ossuary  | Reached skill level 10 in Summonings
  6055 | Ossuary  | Reached XP level 9. HP: 45/45 MP: 11/20
  6836 | D:6      | Noticed Maggie
  6850 | D:6      | Killed Maggie
  7090 | D:6      | Found Piashael's Gadget Gallery.
  7220 | D:6      | Found a staircase to the Ecumenical Temple.
  7229 | Temple   | Entered the Ecumenical Temple
  7346 | Temple   | Became a worshipper of Gozag Ym Sagoz the Greedy
  7457 | D:6      | Reached XP level 10. HP: 50/50 MP: 23/23
  7476 | D:6      | Found a runed translucent door.
  7477 | D:6      | Noticed Crazy Yiuf
  7487 | D:6      | Killed Crazy Yiuf
  7540 | D:6      | Identified the ring "Odeoploi" {rElec EV+5}
  7915 | D:7      | Got the Precepts of Dust
  8899 | D:7      | Found a shadowy altar of Dithmenos.
  8994 | D:8      | Found a transporter.
  9028 | D:8      | Noticed a moth of wrath
  9151 | D:8      | Noticed Maurice
  9163 | D:8      | Killed Maurice
  9164 | D:8      | Reached skill level 10 in Spellcasting
  9246 | D:8      | Found a transporter.
  9267 | D:8      | Noticed Prince Ribbit
  9277 | D:8      | Killed Prince Ribbit
  9447 | D:8      | Noticed lotum's ghost (novice DjHW)
  9697 | D:8      | Identified a scroll of acquirement
  9698 | D:8      | Acquired the +4 pair of gloves of the Boiling Point {rC++
                  | Will+}
  9769 | D:8      | Found a sparkling altar of Nemelex Xobeh.
  9784 | D:8      | Acquired a scarf of resistance
  9913 | D:9      | Found a flagged portal.
  9914 | D:9      | Noticed a two-headed ogre
  9925 | D:9      | Killed a two-headed ogre
  9998 | Bailey   | Entered a bailey
 10053 | Bailey   | Reached XP level 11. HP: 52/54 MP: 15/26
 10521 | Bailey   | Noticed an orc high priest
 10536 | Bailey   | Noticed a sun demon
 10540 | Bailey   | Killed an orc high priest
 11139 | Bailey   | Found an iron altar of Okawaru.
 11485 | D:9      | Acquired 607 gold pieces
 11926 | D:9      | Reached skill level 15 in Summonings
 12495 | D:9      | Found a staircase to the Lair.
 12579 | Lair:1   | Entered Level 1 of the Lair of Beasts
 12841 | Lair:1   | Bought a scroll of identify for 28 gold pieces
 12841 | Lair:1   | Bought a scroll of teleportation for 42 gold pieces
 12841 | Lair:1   | Bought a scroll of identify for 28 gold pieces
 12841 | Lair:1   | Bought a scroll of blinking for 105 gold pieces
 12846 | Lair:1   | Acquired 1006 gold pieces
 12849 | Lair:1   | Bought a manual of Dodging for 1280 gold pieces
 12860 | D:10     | Entered Level 10 of the Dungeon
 13032 | D:10     | Reached skill level 1 in Fighting
 13032 | D:10     | Reached skill level 3 in Dodging
 13202 | D:10     | Noticed an oklob plant
 13678 | D:10     | Killed an oklob plant
 13679 | D:10     | Reached skill level 4 in Dodging
 13820 | D:10     | Noticed Snorg
 13833 | D:10     | Killed Snorg
 13834 | D:10     | Reached skill level 5 in Dodging
 14030 | D:10     | Found a basalt altar of Yredelemnul.
 14078 | D:10     | You are sucked into a shaft and drop 3 floors!
 14121 | D:13     | Reached skill level 6 in Dodging
 14121 | D:13     | Reached XP level 12. HP: 64/64 MP: 19/28
 14128 | D:13     | Noticed a centaur warrior
 14130 | D:13     | Noticed a tengu warrior
 14140 | D:13     | Killed a centaur warrior
 14142 | D:13     | Noticed a seven-headed hydra
 14144 | D:13     | Noticed a boulder beetle
 14147 | D:13     | Reached skill level 7 in Dodging
 14151 | D:13     | Killed a tengu warrior
 14159 | D:13     | Killed a boulder beetle
 14160 | D:13     | Reached skill level 8 in Dodging
 14161 | D:13     | Killed a seven-headed hydra
 14162 | D:13     | Reached skill level 5 in Fighting
 14549 | D:12     | Noticed a boulder beetle
 14561 | D:11     | Found a staircase to the Orcish Mines.
 14569 | D:11     | Reached skill level 9 in Dodging
 14575 | D:11     | Noticed a centaur warrior
 14729 | D:11     | Noticed a two-headed ogre
 14738 | D:11     | Killed a two-headed ogre
 15527 | D:10     | Noticed Fannar
 15568 | D:10     | Killed Fannar
 15569 | D:10     | Reached skill level 10 in Dodging
 15741 | D:11     | Noticed a two-headed ogre
 15741 | D:11     | Noticed a two-headed ogre
 15829 | D:11     | Killed a two-headed ogre
 15846 | D:11     | HP: 3/71 [deep elf pyromancer/+0 long sword (3)]
 16077 | D:10     | Reached skill level 11 in Dodging
 16350 | D:11     | Killed a centaur warrior
 16555 | D:11     | Reached skill level 12 in Dodging
 16998 | D:11     | Killed a two-headed ogre
 16999 | D:11     | Reached XP level 13. HP: 67/78 MP: 16/29
 17634 | D:12     | Reached skill level 13 in Dodging
 17685 | D:12     | Learned a level 7 spell: Summon Hydra
 18484 | Lair:1   | Reached skill level 14 in Dodging
 18983 | Lair:1   | Noticed Grum
 18990 | Lair:1   | Killed Grum
 19796 | Lair:2   | Reached skill level 10 in Fighting
 20109 | Lair:2   | Noticed jimonade's ghost (journeyman DjHW)
 20119 | Lair:2   | Found a staircase to the Swamp.
 20201 | Lair:2   | Found a transporter.
 20255 | Lair:2   | Identified the ring of Nubugiri {rPois Dex+3 Slay+4}
 20341 | Lair:2   | Found a staircase to the Snake Pit.
 20750 | Lair:2   | Reached skill level 15 in Dodging
 20920 | Lair:2   | Found a bloodstained altar of Trog.
 20931 | Lair:2   | Found a transporter.
 21070 | Lair:2   | Found a hazy altar of Hepliaklqana.
 21505 | Lair:3   | Reached XP level 14. HP: 88/88 MP: 31/31
 22372 | Lair:3   | Identified the +1 war axe "Xanof" {freeze, rF+ Will+ Str+3}
 22757 | Lair:4   | Found a staircase to the Slime Pits.
 24677 | Lair:5   | Entered Level 5 of the Lair of Beasts
 26231 | Lair:5   | Reached skill level 16 in Dodging
 27049 | Lair:5   | Noticed a dire elephant
 27062 | Lair:5   | Killed a dire elephant
 27063 | Lair:5   | Reached XP level 15. HP: 96/96 MP: 11/33
 27509 | Lair:1   | Bought a masterwork cloak for 313 gold pieces
 27509 | Lair:1   | Identified the +1 cloak "Qopror" {rPois Dex+2} (You bought
                  | it in a shop on level 1 of the Lair of Beasts)
 27553 | Orc:1    | Entered Level 1 of the Orcish Mines
 27728 | Lair:1   | Bought Dodgh's Textbook on Rotting Rallying for 912 gold
                  | pieces
 27737 | Lair:1   | Learned a level 8 spell: Summon Horrible Things
 27930 | Orc:2    | Entered Level 2 of the Orcish Mines
 28086 | Orc:2    | Noticed an orc warlord
 28090 | Orc:2    | Killed an orc warlord
 28232 | Orc:2    | Found Ziunlo's Armour Boutique.
 28261 | Orc:2    | Found Dudaytsuawn's Distillery.
 28310 | Orc:2    | Found Jerialudgh's Armour Boutique.
 28729 | Orc:2    | Found Agecw's Distillery.
 28945 | Orc:2    | Found a staircase to the Elven Halls.
 29545 | Orc:2    | Found Doupracy's Distillery.
 29758 | Orc:1    | Noticed Jorgrun
 30189 | Orc:2    | Killed Jorgrun
 31031 | Orc:2    | Found Jatoemush's Antique Weapon Shop.
 31031 | Orc:2    | Found Minarchao's Weapon Shoppe.
 31037 | Orc:2    | Found Icwedgh's General Store.
 31037 | Orc:2    | Found Zurphe Ekyi's General Store.
 31305 | Orc:2    | Bought a bloodstained sling for 201 gold pieces
 31305 | Orc:2    | Identified the +7 sling of Ru's Pride {freeze, Str+2} (You
                  | bought it in a shop on level 2 of the Orcish Mines)
 31305 | Orc:2    | Bought a translucent war axe for 263 gold pieces
 31305 | Orc:2    | Identified the +6 war axe "Hydra's Undoing" {freeze, Int+2}
                  | (You bought it in a shop on level 2 of the Orcish Mines)
 31305 | Orc:2    | Bought an encrusted sling for 201 gold pieces
 31305 | Orc:2    | Identified the +10 sling of a Billion Lovers {drain, Will+
                  | rCorr Str+6 Int-2} (You bought it in a shop on level 2 of
                  | the Orcish Mines)
 31818 | D:13     | Identified the +2 robe of the Dice {Int+4}
 31864 | D:13     | Reached skill level 17 in Dodging
 33777 | D:13     | Identified the +6 hand axe "Gats" {flame, rF+++ rN+ Dex-4}
 33875 | D:14     | Found a gate to the Vaults.
 35490 | D:14     | Reached XP level 16. HP: 105/105 MP: 14/34
 37211 | D:15     | Entered Level 15 of the Dungeon
 37233 | D:15     | Found a radiant altar of Vehumet.
 37523 | D:15     | Found a staircase to the Depths.
 37855 | D:15     | Reached skill level 18 in Dodging
 38828 | Snake:1  | Entered Level 1 of the Snake Pit
 42629 | Snake:2  | Found a glowing silver altar of Zin.
 43232 | Snake:3  | Reached skill level 15 in Fighting
 43314 | Snake:3  | Identified the +4 trident of Cugusiw {drain, rF+ Dex+2}
 43319 | Snake:3  | Acquired 599 gold pieces
 43382 | Snake:3  | Found a runed translucent gate.
 43382 | Snake:3  | Found a runed translucent gate.
 43382 | Snake:3  | Found a runed translucent gate.
 43476 | Snake:3  | Reached XP level 17. HP: 98/113 MP: 19/35
 44333 | Snake:3  | Noticed Emynorhu's ghost (journeyman DsGl)
 44420 | Snake:3  | Killed Emynorhu's ghost
 44738 | Snake:4  | Entered Level 4 of the Snake Pit
 44826 | Snake:4  | Noticed Donald
 45514 | Snake:4  | Killed Donald
 45952 | Snake:4  | Reached skill level 19 in Dodging
 46971 | Snake:4  | Noticed Vashnia
 48172 | Snake:4  | Killed Vashnia
 49027 | Snake:4  | Noticed Bai Suzhen
 49041 | Snake:4  | Killed Bai Suzhen
 51101 | Snake:4  | Got a serpentine rune of Zot
 51416 | Swamp:1  | Entered Level 1 of the Swamp
 53716 | Swamp:2  | Reached XP level 18. HP: 122/122 MP: 29/37
 53720 | Swamp:2  | Reached skill level 20 in Dodging
 53755 | Swamp:2  | Identified Roxanne's Opusculum on Oromancy
 53755 | Swamp:2  | Noticed Roxanne
 53770 | Swamp:2  | Killed Roxanne
 53861 | Swamp:2  | Noticed Frances
 53921 | Swamp:2  | Killed Frances
 54416 | Swamp:2  | Noticed Kirke
 54452 | Swamp:2  | Killed Kirke
 55827 | Swamp:3  | Reached skill level 15 in Spellcasting
 56210 | Swamp:3  | Identified the +1 leather armour of the Slug {rC- rN+ Int+4
                  | Dex+2}
 56473 | Swamp:4  | Entered Level 4 of the Swamp
 56499 | Swamp:4  | HP: 5/122 [eleionoma (13)]
 56947 | Swamp:4  | Noticed a tentacled monstrosity
 56955 | Swamp:4  | Killed a tentacled monstrosity
 57822 | Swamp:4  | Noticed a tentacled monstrosity
 57843 | Swamp:4  | Killed a tentacled monstrosity
 59204 | Swamp:4  | Identified the +0 buckler of the Ladybird {-Cast rF- Dex+7}
 59824 | Swamp:4  | Found a blossoming altar of Fedhas.
 60068 | Swamp:4  | Found a basalt altar of Yredelemnul.
 60081 | Swamp:4  | Got a decaying rune of Zot
 60356 | Elf:1    | Entered Level 1 of the Elven Halls
 60364 | Orc:2    | Reached skill level 21 in Dodging
 61024 | Elf:1    | Reached XP level 19. HP: 113/129 MP: 16/39
 61187 | Elf:1    | Found Foyc Uma's Magic Scroll Shoppe.
 61507 | Elf:1    | Found Owabi's Assorted Antiques.
 61520 | Elf:1    | Found Vorghimmat's Assorted Antiques.
 61864 | Elf:1    | Paralysed by an air elemental for 1 turns
 64098 | Elf:2    | Paralysed by an air elemental for 1 turns
 64612 | Elf:2    | Noticed Nikola
 64798 | Elf:2    | Killed Nikola
 65067 | Elf:2    | Found a runed translucent gate.
 65067 | Elf:2    | Found a runed translucent gate.
 65067 | Elf:2    | Found a runed translucent gate.
 65536 | Elf:2    | Reached skill level 22 in Dodging
 65848 | Elf:2    | Noticed Zenata
 65876 | Elf:2    | Killed from afar by Zenata

Illustrated notes

Levels and vault maps discovered:
D:1:      heliophobic_arrival_henge, layout_loops_ring, basic_ecumenical_altar
D:2:      layout_rooms
D:3:      layout_rooms, mainiacjoe_overflow_surrounded_room, feat_on_display,
          uniq_robin, uniq_sigmund
D:4:      layout_cave_pods, mainiacjoe_overflow_tiny_flanked,
          nicolae_ru_path_of_blood, zin_scriptorium, minmay_close_crescents
D:5:      layout_basic, mainiacjoe_overflow_paths, amcnicky_altar_gilded,
          kb_lookout_dungeons_type, dk_rats_in_the_wall, uniq_grinder
D:6:      minmay_skewed_foursquare, layout_loops_ring,
          minmay_temple_entry_drinking_statues, nicolae_ossuary_entry_ruins,
          minivault_5, nicolae_shop_gadgets, uniq_crazy_yiuf_cottage,
          uniq_maggie
D:7:      layout_basic, nicolae_dithmenos_through_a_glass_darkly,
          grunt_potential
D:8:      layout_rooms, nemelex_xobeh_ov_fountains_minmay,
          gammafunk_ghost_berserking_beasts, uniq_prince_ribbit1, uniq_maurice
D:9:      cheibrodos_two_vegetables, layout_long_grid, lair_entry_dummy,
          enter_bailey_2
D:10:     lemuel_slime, layout_rooms, yredelemnul_forgotten_temple_becter,
          minivault_25_ag, david_defended_altar_orc, uniq_snorg, uniq_fannar
D:11:     hangedman_cross_stitches, layout_rooms, minmay_orc_entry_temple_small
D:12:     layout_rooms, minmay_misc_feat_tower
D:13:     minmay_sliced_demisemicircle, layout_rooms, minmay_evil_grid
D:14:     layout_irregular_city, lightli_vaults_fourway_checkpoint,
          serial_park_tiny_pond, minmay_puff
D:15:     grunt_enter_depths_magical_seal, layout_irregular_city,
          chequers_garden, drop_trap, vehumet_statue
Temple:   compressed_dpeg_triangle_lava_temple
Lair:1:   layout_gridlike, beast_lair_carwin_9, lemuel_fruit_fields,
          serial_bayou_shore_a, uniq_grum
Lair:2:   layout_hall_layers, skrybe_swamp_entry_bodies,
          guppyfry_snake_entry_garden, basic_altar,
          gammafunk_ghost_wrathful_warriors, infiniplex_staircase_pool_2,
          lemuel_fruit_fields, lemuel_fruit_fields
Lair:3:   layout_roguey
Lair:4:   layout_cave_pods, slime_entry_1, special_room [special_room_bee]
Lair:5:   grunt_lair_end_beastmaster, layout_cave_shapes
Swamp:1:  nicolae_swamp_long_stream, layout_basic_swamp,
          evilmike_swamp_ruin_house_1, swamp_pool4, grunt_hermit_hut
Swamp:2:  layout_falls_marsh, hangedman_swamp_ruin_wall, uniq_kirke,
          uniq_frances, uniq_roxanne
Swamp:3:  layout_falls_marsh, nicolae_swamp_rocky_clearing
Swamp:4:  byrel_swamp_growth_death_and_undeath, layout_basic_swamp
Snake:1:  layout_layer_cave, drop_trap, grunt_ministairs_9
Snake:2:  layout_misc_corridors, basic_altar, grunt_megastairs_2
Snake:3:  layout_rooms, gammafunk_ghost_necromancy, nicolae_large_snake_swirl
Snake:4:  minmay_snake_end_coiled, layout_layer_cave, serial_bayou_shore_b,
          uniq_bai_suzhen, uniq_vashnia, uniq_donald
Orc:1:    layout_diamond_mine, serial_shops, uniq_jorgrun
Orc:2:    grunt_orc_tribal_feast, layout_diamond_mine, serial_shops, shop,
          nicolae_shop_advertising_works [nicolae_subvault_shop_adworks], shop,
          nicolae_square_shop, nicolae_square_shop
Elf:1:    layout_gridlike, serial_shops, shop, shop, shop, evilmike_minifort,
          wad_dig_loot
Elf:2:    nicolae_elf_blades_splatter_lattice [mumra_blade_entry_dagger],
          layout_loops_ring, uniq_zenata, uniq_nikola

Skill      XL: |  1  2  3  4  5  6  7  8  9 10 11 12 13 14 15 16 17 18 19 |
---------------+----------------------------------------------------------+-----
Summonings     | 5 6 7 8 10 12 14 15 17 18 19 20 | 20.0
Spellcasting   | 3 4 5 7 8 10 11 12 13 14 15 | 15.0
Air Magic      | 3 5 |  5.0
Fighting       | 3 8 10 12 13 15 16 17 18 | 18.8
Dodging        | 6 12 15 16 17 18 19 21 22 | 22.1
Stealth        | |  2.0

Action                     |  1- 3 |  4- 6 |  7- 9 | 10-12 | 13-15 | 16-18 | 19-21 || total
---------------------------+-------+-------+-------+-------+-------+-------+-------++-------
  Melee: Unarmed           |    22 |       |       |       |       |       |       ||    22
         Kick              |     8 |     1 |     5 |    10 |    86 |    75 |    43 ||   228
         Peck              |     1 |     1 |     4 |     7 |    48 |    50 |    22 ||   133
         Flail             |       |     8 |    20 |    48 |   159 |       |       ||   235
         Punch             |       |       |       |       |     3 |     3 |     1 ||     7
         War axe           |       |       |       |       |    39 |       |       ||    39
         Hand axe          |       |       |       |       |     9 |   218 |   106 ||   333
   Cast: Summon Small Mamm |    32 |    18 |    35 |    65 |    16 |     2 |       ||   168
         Call Imp          |    11 |     9 |    18 |    33 |     9 |     2 |       ||    82
         Call Canine Famil |    14 |    16 |    25 |    73 |    89 |   117 |    25 ||   359
         Summon Guardian G |       |     1 |     8 |    58 |   118 |   137 |    11 ||   333
         Summon Lightning  |       |       |     4 |    44 |   100 |   125 |     9 ||   282
         Summon Hydra      |       |       |       |       |    80 |   162 |    44 ||   286
         Summon Horrible T |       |       |       |       |     1 |    27 |    13 ||    41
 Invoke: Call Merchant     |       |       |       |     2 |     2 |     2 |     3 ||     9
    Use: Scroll            |       |       |     1 |    29 |     5 |     4 |       ||    39
         Potion            |       |       |     1 |     5 |     1 |     5 |     1 ||    13
   Stab: Distracted        |     1 |       |     1 |       |     2 |     4 |       ||     8
         Sleeping          |       |       |       |       |     1 |     1 |       ||     2
 Armour: Robe              |    16 |     6 |    18 |    12 |    43 |    72 |    27 ||   194
         Leather armour    |       |       |       |    20 |    42 |       |       ||    62
  Dodge: Dodged            |    43 |    23 |    54 |   218 |   623 |   699 |   239 ||  1899

Table legend: (Time is in decaauts)
 A = Elapsed time spent in this place.
 B = Non-inter-level travel time spent in this place.
 C = Inter-level travel time spent in this place.
 D = Time resting spent in this place.
 E = Time spent auto-exploring this place.
 F = Levels seen in this place.
 G = Mean time per level.
                   A        B        C        D        E       F      G
               +--------+--------+--------+--------+--------+-----+--------+
         Total |  63988 |  62215 |   1773 |  20028 |  30709 |  35 | 1828.2 |
       Dungeon |  23130 |  22479 |    651 |   6545 |  11452 |  15 | 1542.0 |
        Temple |    121 |    106 |     15 |      0 |     92 |   1 |  121.0 |
          Lair |  10005 |   9540 |    465 |   2880 |   5011 |   5 | 2001.0 |
         Swamp |   8461 |   8344 |    117 |   2560 |   4374 |   4 | 2115.2 |
     Snake Pit |  11595 |  11354 |    241 |   5779 |   4001 |   4 | 2898.8 |
  Orcish Mines |   3985 |   3786 |    199 |    913 |   2102 |   2 | 1992.5 |
   Elven Halls |   5055 |   4972 |     83 |   1172 |   2847 |   2 | 2527.5 |
       Ossuary |    324 |    324 |      0 |      0 |    165 |   1 |  324.0 |
        Bailey |   1308 |   1308 |      0 |    175 |    660 |   1 | 1308.0 |
               +--------+--------+--------+--------+--------+-----+--------+

Top non-repeatable levels by time:
 Snake:4: 4332 daAuts
 Snake:3: 3561 daAuts
   Orc:2: 3315 daAuts
    D:13: 3286 daAuts
 Swamp:4: 3282 daAuts
   Elf:1: 3000 daAuts
  Lair:5: 2426 daAuts
    D:14: 2376 daAuts
 Snake:1: 2368 daAuts
  Lair:2: 2297 daAuts
 Swamp:1: 2250 daAuts
    D:10: 2242 daAuts
  Lair:4: 2228 daAuts
    D:11: 2068 daAuts
   Elf:2: 2055 daAuts
